cohdb
Replays
Latest Replays
All Replays
Popular Replays
Top Player Replays
Match Explorer
How It Works
Community
CoH3 Stats
Reddit
Sign in to upload your games and track your stats! →
Sign in with Steam
Match 45578111
Unlisted
Match 45578111
Overview
Messages
Build Orders
End
Selects Air and Sea Battlegroup
Vickers Machine Gun Team
Construct Section Command Post
Vickers Machine Gun Team
Royal Engineer Section
Infantry Section
Construct Field Infirmary
Selects Commando Section Paradrop
Selects Commando Section Paradrop
Commando Section Paradrop
Construct Platoon Command Post
Commando Section Paradrop
Construct Company Command Post
Selects Supply Surplus
Construct Resource Cache
Matilda II Heavy Tank
Construct Resource Cache
Selects Commando Support Section Paradrop
Selects Anti-tank Rocket Loiter
Unlock M3 Grant Medium Tanks
Construct Resource Cache
Anti-tank Rocket Loiter
Foot Guards Section
Anti-tank Rocket Loiter
M3 Grant Medium Tank
Selects UNKNOWN (223837)
Angrybirds
Ark Royal
Evelynn
Stana
0
0
Comments
sign in to comment!
No comments posted yet!